 Dungeon Crawl Stone Soup version 0.28-a0-556-gab23d0e057 (webtiles) character file.

Game seed: 4734462852802061301

93 kae the Chopper (level 4, 0/41 HPs)
             Began as a Hill Orc Fighter on Sept 28, 2021.
             Slain by a gnoll (4 damage)
             ... on level 5 of the Dungeon.
             The game lasted 00:01:06 (1657 turns).

kae the Chopper (Hill Orc Fighter)                  Turns: 1657, Time: 00:01:07

Health: 0/41       AC:  7    Str: 19    XL:     4   Next: 62%
Magic:  4/4        EV:  9    Int:  8    God:
Gold:   28         SH:  4    Dex: 10    Spells: 3/3 levels left

rFire   . . .      SeeInvis .   a - +0 war axe
rCold   . . .      Faith    .   c - +0 buckler
rNeg    . . .      Spirit   .   b - +1 scale mail
rPois   .          Reflect  .   (no helmet)
rElec   .          Harm     .   (no cloak)
rCorr   .          Rampage  .   (no gloves)
Will    .....                   (no boots)
Stlth   ..........              (no amulet)
HPRegen 0.13/turn               (no ring)
MPRegen 0.09/turn               (no ring)

@: mighty, lit by a corona, glowing
A: no striking features
a: no special abilities


You were on level 5 of the Dungeon.
You visited 1 branch of the dungeon, and saw 4 of its levels.

You collected 28 gold pieces.

Inventory:

Hand Weapons
 a - a +0 war axe (weapon)
Armour
 b - a +1 scale mail (worn)
 c - a +0 buckler (worn)
Jewellery
 g - a ring of ice
 m - a ring of protection from cold
Scrolls
 e - 2 scrolls of identify
Potions
 j - a potion of brilliance


   Skills:
 + Level 4.6 Fighting
 * Level 5.3 Axes
 - Level 3.2 Armour
 - Level 3.2 Shields


You had 3 spell levels left.
You didn't know any spells.
Your spell library was empty.

Dungeon Overview and Level Annotations

Branches:
Dungeon (3/15)

Altars:


Message History

The jackal bites you but does no damage.
The gnoll shaman closely misses you. The orc hits you but does no damage.
The gnoll hits you but does no damage. The gnoll closely misses you.
You slash the jackal!
You kill the jackal!
You hit the orc.
You kill the orc!
You hit the gnoll shaman. You slash the gnoll!
You kill the gnoll!
You barely miss the jackal.
Your scale mail prevents you from hitting the jackal.
The orc closely misses you. The jackal misses you.
The gnoll hits you but does no damage.
The jackal bites you but does no damage.
The gnoll closely misses you. You block the gnoll shaman's attack.
The jackal bites you but does no damage.
The gnoll hits you from afar with a +0 halberd!
* * * LOW HITPOINT WARNING * * *
You block the orc's attack.
The jackal bites you but does no damage.
Something hits you.
* * * LOW HITPOINT WARNING * * *
The gnoll hits you from afar with a +0 spear.
* * * LOW HITPOINT WARNING * * *
The jackal bites you.
* * * LOW HITPOINT WARNING * * *
The gnoll hits you but does no damage.
You barely miss the gnoll shaman.
The gnoll shaman is heavily wounded.
You slash the orc!
You kill the orc!
You barely miss the jackal. You slash the jackal!
You kill the jackal!
Your shield and scale mail prevent you from hitting the jackal.
You barely miss something. The jackal barely misses you.
You block the jackal's attack.
The gnoll shaman calls down the wrath of its god upon you.
You are outlined in light.
The gnoll hits you from afar with a +0 halberd.
You die...

#######
##.....##
##.......##
#.........#
#.O.......#
#.)gg......
#.@)o.....#
#h†h......#
#gWg>.....#
#l........#
..........#
...........#
#...........#
#...........


You could see a phantom, an ogre, a gnoll shaman, an iguana, 3 gnolls, an orc
and 2 jackals.

Vanquished Creatures
  2 gnolls (D:5)
  3 adders
  2 dart slugs
  2 orcs (D:5)
  2 ball pythons (D:1)
  4 bats
  2 endoplasms (D:1)
  2 giant cockroaches (D:1)
  3 goblins
  2 hobgoblins
  6 jackals
  3 quokkas (D:1)
  2 frilled lizards (D:1)
  6 kobolds
  3 rats
44 creatures vanquished.

Notes
Turn   | Place    | Note
-------+----------+-------------------------------------------
     0 | D:1      | kae the Hill Orc Fighter began the quest for the Orb.
     0 | D:1      | Reached XP level 1. HP: 19/19 MP: 1/1
    45 | D:1      | Found a faded altar of an unknown god.
    58 | D:1      | Reached skill level 3 in Axes
    92 | D:1      | Reached XP level 2. HP: 26/27 MP: 2/2
   356 | D:1      | Reached skill level 4 in Axes
   358 | D:1      | Reached XP level 3. HP: 33/33 MP: 3/3
  1225 | D:2      | Reached XP level 4. HP: 4/41 MP: 4/4
  1650 | D:3      | You fall into a shaft and drop 2 floors!
  1650 | D:5      | Entered Level 5 of the Dungeon
  1650 | D:5      | Noticed an ogre
  1652 | D:5      | Noticed a phantom
  1655 | D:5      | Reached skill level 5 in Axes
  1657 | D:5      | Slain by a gnoll

Illustrated notes

Levels and vault maps discovered:
D:1:      eino_arrival_druids_welcome, layout_basic,
          shapermc_ecumenical_altar_starsandcircs
D:2:      layout_basic
D:3:      layout_loops_ring, mainiacjoe_overflow_paths,
          nicolae_kikubaaqudgha_miasma_corner, nicolae_overflow_hidden_temple,
          serial_shops, shop
D:5:      layout_rooms, serial_shops, nicolae_shop_statue_plus,
          kennysheep_crisscross, minmay_misc_feat_iff,
          kennysheep_cluttered_room, minmay_hedge_maze

Skill      XL: |  1  2  3  4 |
---------------+-------------+-----
Axes           | 3 4 5 |  5.3
Fighting       | 4 |  4.6
Armour         | |  3.2
Shields        | |  3.2

Action                   |  1- 3 |  4- 6 || total
-------------------------+-------+-------++-------
Melee: War axe           |   111 |     9 ||   120
  Use: Scroll            |       |     4 ||     4
       Potion            |       |     3 ||     3
Armor: Scale mail        |    38 |    12 ||    50
Dodge: Dodged            |    66 |    24 ||    90
Block: Buckler           |    36 |    14 ||    50

Table legend: (Time is in decaauts)
 A = Elapsed time spent in this place.
 B = Non-inter-level travel time spent in this place.
 C = Inter-level travel time spent in this place.
 D = Time resting spent in this place.
 E = Time spent auto-exploring this place.
 F = Levels seen in this place.
 G = Mean time per level.
                   A        B        C        D        E       F      G
               +--------+--------+--------+--------+--------+-----+--------+
         Total |   1677 |   1640 |     37 |     46 |   1336 |   4 |  419.2 |
       Dungeon |   1677 |   1640 |     37 |     46 |   1336 |   4 |  419.2 |
               +--------+--------+--------+--------+--------+-----+--------+

Top non-repeatable levels by time:
     D:2: 982 daAuts
     D:1: 659 daAuts
     D:3: 27 daAuts
     D:5: 7 daAuts
